 Dungeon Crawl Stone Soup version 0.27-a0-412-g8dd771eca2 (webtiles) character file.

Game seed: 11598047115607168499

16 siradein the Caller (level 2, -1/13 HPs)
             Began as a Vine Stalker Summoner on Feb 24, 2021.
             Slain by a goblin
             ... wielding a +0 club
              (6 damage)
             ... on level 1 of the Dungeon.
             The game lasted 00:02:35 (878 turns).

siradein the Caller (Vine Stalker Summoner)          Turns: 878, Time: 00:02:37

Health: -1/13      AC:  2    Str: 10    XL:     2   Next: 58%
Magic:  0/6        EV: 12    Int: 15    God:
Gold:   6          SH:  0    Dex: 14    Spells: 4/5 levels left

rFire    . . .     SeeInvis .   (no weapon)
rCold    . . .     Faith    .   (no shield)
rNeg     . . .     Spirit   +   a - +0 robe
rPois    .         Reflect  .   (no helmet)
rElec    .         Harm     .   (no cloak)
rCorr    .         Rampage  .   (no gloves)
Will     .....                  (no boots)
Stlth    ++........             (no amulet)
HPRegen  0.04/turn              (no ring)
MPRegen  0.10/turn              (no ring)

@: no status effects
A: fangs 2, magic shield, antimagic bite, no potion heal 3
a: no special abilities


You were on level 1 of the Dungeon.
You visited 1 branch of the dungeon, and saw 1 of its levels.

You collected 6 gold pieces.

Inventory:

Armour
 a - a +0 robe (worn)
Scrolls
 b - a scroll of immolation {unknown}
 d - a scroll of enchant armour {unknown}
Potions
 c - a potion of cancellation {unknown}


   Skills:
 - Level 1.5 Dodging
 - Level 2.4 Stealth
 - Level 2.1 Spellcasting
 + Level 4.7 Summonings


You had 4 spell levels left.
You knew the following spells:

 Your Spells              Type           Power        Failure   Level
a - Summon Small Mammal   Summ           60%          3%          1

Your spell library contained the following spells:

 Spells                   Type           Power        Failure   Level
 Call Imp                 Summ           15%          4%          2
 Call Canine Familiar     Summ           15%          10%         3
 Summon Guardian Golem    Hex/Summ       8%           26%         3
 Summon Ice Beast         Ice/Summ       8%           63%         4
 Summon Lightning Spire   Summ/Air       8%           63%         4


Dungeon Overview and Level Annotations

Branches:
Dungeon (1/15)

Altars:


Innate Abilities, Weirdness & Mutations

You have extremely sharp teeth.
When hurt, damage is shared between your health and your magic reserves.
Your bite disrupts and absorbs the magic of your enemies.
Potions cannot restore your health.


Message History

You see here a robe.
d - a scroll labelled COSTRUETUST A hobgoblin comes into view.
A goblin comes into view. It is wielding a +0 club.
The goblin shouts!
The hobgoblin shouts!
A bat comes into view.
Casting: Summon Small Mammal (safe; 3% risk of failure)
Press: ? - help, Q - select action Dir - look around, f - activate The bat closely misses you.
The bat closely misses your quokka. The bat hits you but does no damage.
The hobgoblin closely misses you. The bat closely misses your quokka.
Your quokka bites the hobgoblin but does no damage.
The goblin hits your quokka with a +0 club.
Your quokka dies!
Your quokka's corpse disappears in a puff of smoke!
You hit the hobgoblin but do no damage. The bat hits you but does no damage.
The hobgoblin hits you.
Casting: Summon Small Mammal (safe; 3% risk of failure)
Press: ? - help, Q - select action Dir - look around, f - activate The bat hits you.
The bat hits your rat but does no damage.
The hobgoblin hits you.
You hit the hobgoblin.
The hobgoblin is lightly wounded.
The bat hits you but does no damage. The hobgoblin misses you.
The bat hits you.
Your rat closely misses the goblin.
You barely miss the hobgoblin.
The hobgoblin is lightly wounded.
The bat barely misses you. The hobgoblin hits you.
The goblin hits you but does no damage.
Your rat bites the hobgoblin.
You barely miss the hobgoblin.
The hobgoblin is moderately wounded.
The bat hits you but does no damage. The hobgoblin hits you.
The goblin hits you with a +0 club.
Your rat closely misses the goblin.
Casting: Summon Small Mammal (safe; 3% risk of failure)
Press: ? - help, Q - select action Dir - look around, f - activate The bat hits you but does no damage.
The hobgoblin hits you but does no damage.
The goblin hits you with a +0 club.
You die...

#.# ##.##
#.... ##...##
..... #r..
######gg#
.....b.@#
#######.# #r#
#.# #.#
#.#########
#.#.......#
#.#.#####.#
###.#.#####.#


You could see a hobgoblin, a goblin, a bat (ally target) and 2 friendly rats.

Vanquished Creatures
  2 dart slugs (D:1)
  2 bats (D:1)
  A goblin (D:1)
  3 hobgoblins (D:1)
  A frilled lizard (D:1)
  3 rats (D:1)
12 creatures vanquished.

Vanquished Creatures (collateral kills)
  A goblin (D:1)
  A frilled lizard (D:1)
2 creatures vanquished.

Grand Total: 14 creatures vanquished

Notes
Turn   | Place    | Note
-------+----------+-------------------------------------------
     0 | D:1      | siradein the Vine Stalker Summoner began the quest for the
                  | Orb.
     0 | D:1      | Reached XP level 1. HP: 9/9 MP: 4/4
   129 | D:1      | Reached XP level 2. HP: 11/13 MP: 4/6
   878 | D:1      | Slain by a goblin

Illustrated notes

Levels and vault maps discovered:
D:1:      wander_arrival_chamber, layout_loops_corners, serial_forest,
          infiniplex_forest_straight_2, infiniplex_forest_clump_diagonal,
          infiniplex_forest_end_1, infiniplex_forest_lined_3,
          infiniplex_forest_clump_large

Action                   || total
-------------------------++-------
Melee: Unarmed           ||    52
       Bite              ||     6
 Cast: Summon Small Mamm ||    15
 Stab: Sleeping          ||     3
Armor: Robe              ||    16
Dodge: Dodged            ||    40

Table legend: (Time is in decaauts)
 A = Elapsed time spent in this place.
 B = Non-inter-level travel time spent in this place.
 C = Inter-level travel time spent in this place.
 D = Time resting spent in this place.
 E = Time spent auto-exploring this place.
 F = Levels seen in this place.
 G = Mean time per level.
                   A        B        C        D        E       F      G
               +--------+--------+--------+--------+--------+-----+--------+
         Total |    878 |    878 |      0 |      0 |    747 |   1 |  878.0 |
       Dungeon |    878 |    878 |      0 |      0 |    747 |   1 |  878.0 |
               +--------+--------+--------+--------+--------+-----+--------+

Top non-repeatable levels by time:
     D:1: 878 daAuts
